Map: [EWC] Oceanborn

Players

Maru - Winner!

  • Race: Terran Terran
  • Spawn Location: 11:00

Spirit

  • Race: Terran Terran
  • Spawn Location: 5:00

Event: Esports World Cup 2024

VOD

Have the link to the VOD?

Description

Time

  • Played on: Aug. 14, 2024, 5:21 a.m.
  • Length: 18:55

All games in this series

Show
View Real Time Build Order
Export as new Build Order

Maru Terran - Winner!

Build Orders:  

Get SALT Encoding   

  12  0:00  SCV  
  13  0:12  SCV  
  14  0:16  Supply Depot  
  14  0:24  SCV  
  15  0:38  SCV  
  15  0:39  Barracks  
  15  0:42  Refinery  
  16  0:50  SCV  
  17  1:02  SCV  
  18  1:14  SCV  
  19  1:26  Orbital Command, Reaper  
  20  1:43  Bunker  
  20  1:46  Bunker  
  20  1:52  SCV  
  20  1:53  Supply Depot  
  21  1:58  Marine  
  22  2:04  SCV  
  22  2:06  Factory  
  23  2:16  SCV, Marine  
  25  2:29  SCV  
  26  2:34  Marine  
  27  2:41  Command Center  
  27  2:48  Supply Depot  
  29  2:51  Hellion  
  29  2:53  Marine  
  29  2:57  SCV  
  31  3:08  Starport  
  31  3:11  Supply Depot  
  31  3:13  SCV  
  31  3:28  Refinery  
  31  3:31  Barracks Reactor  
  31  3:32  SCV, Cyclone  
  34  3:34  Supply Depot  
  34  3:44  SCV  
  35  3:53  Medivac  
  37  3:57  SCV  
  37  3:59  Orbital Command  
  38  4:09  SCV  
  39  4:13  Cyclone  
  39  4:14  Marine x2  
  42  4:20  Supply Depot  
  42  4:21  Orbital Command, SCV  
  42  4:23  Viking  
  45  4:33  SCV, Marine x2  
  48  4:40  Command Center  
  48  4:45  SCV  
  49  4:46  SCV  
  49  4:49  Factory Tech Lab  
  49  4:52  Marine x2  
  52  4:55  Starport Tech Lab  
  52  4:57  SCV  
  52  4:58  SCV, Refinery  
  54  5:09  SCV  
  54  5:10  Siege Tank  
  54  5:12  SCV  
  59  5:16  Supply Depot  
  59  5:19  Raven  
  61  5:21  SCV  
  61  5:24  SCV  
  61  5:27  Marine x2  
  65  5:28  Refinery  
  65  5:33  SCV  
  65  5:34  Interference Matrix  
  66  5:36  SCV  
  66  5:39  Supply Depot  
  67  5:43  Siege Tank  
  67  5:45  SCV  
  67  5:48  SCV  
  70  5:51  Orbital Command  
  70  5:53  Marine x2  
  72  5:58  Raven, SCV  
  72  5:59  Barracks  
  72  6:00  SCV  
  72  6:03  Barracks  
  76  6:10  SCV  
  77  6:12  Engineering Bay x2  
  77  6:13  SCV  
  77  6:15  Orbital Command  
  77  6:17  Marine x2  
  80  6:22  SCV, Siege Tank  
  84  6:26  SCV  
  85  6:33  Raven  
  85  6:34  SCV  
  85  6:38  SCV  
  89  6:41  Supply Depot, SCV  
  89  6:46  SCV, Terran Infantry Armor Level 1, Terran Infantry Weapons Level 1  
  90  6:48  Barracks Tech Lab, Marine x2  
  90  6:50  SCV  
  93  6:55  SCV  
  93  6:58  SCV  
  93  7:00  Siege Tank, Missile Turret  
  98  7:04  Supply Depot, SCV  
  98  7:07  SCV, Marine  
  101  7:09  Stimpack  
  101  7:10  SCV  
  102  7:15  Barracks  
  102  7:16  SCV  
  102  7:18  Barracks  
  102  7:21  Marine x2  
  102  7:22  SCV, Starport Reactor  
  106  7:23  SCV  
  106  7:25  Marine, Refinery  
  106  7:29  Supply Depot, SCV  
  109  7:31  Marine  
  109  7:35  SCV, Siege Tank  
  114  7:39  SCV, Marine  
  114  7:41  Supply Depot  
  114  7:42  Supply Depot  
  116  7:45  Armory  
  116  7:46  Marine, Refinery  
  116  7:49  Combat Shield  
  116  7:51  Marine x2  
  119  7:54  SCV x3  
  119  7:57  Marine  
  123  8:00  Supply Depot, Medivac  
  123  8:02  Medivac  
  127  8:06  Supply Depot, Barracks Reactor x2  
  127  8:09  Siege Tank  
  127  8:10  SCV x2  
  132  8:15  SCV  
  132  8:16  Marine x2  
  135  8:22  SCV x2  
  135  8:25  Marine x2  
  135  8:26  Missile Turret  
  139  8:27  SCV  
  139  8:28  Command Center  
  139  8:32  Medivac x2  
  144  8:34  Marine x2  
  144  8:39  Terran Vehicle Weapons Level 1  
  146  8:43  Marine x2  
  146  8:44  Marine x4  
  146  8:47  Terran Infantry Weapons Level 2  
  146  8:48  Supply Depot  
  152  8:50  Terran Infantry Armor Level 2  
  152  8:52  Marine x2  
  152  8:55  Siege Tank  
  157  9:00  SCV  
  157  9:05  Marine  
  157  9:06  Marine x2  
  157  9:07  Marine  
  157  9:08  SCV  
  157  9:09  SCV, Marine x2  
  159  9:10  Marine  
  159  9:12  SCV  
  159  9:16  Medivac x2  
  160  9:20  SCV, Marine  
  160  9:21  SCV  
  164  9:24  SCV  
  164  9:28  Supply Depot x2  
  164  9:30  Factory  
  164  9:32  SCV  
  164  9:37  Barracks Reactor  
  165  9:38  Sensor Tower  
  165  9:40  Marine x3  
  165  9:41  Siege Tank  
  171  9:51  SCV x3  
  174  9:58  Marine x2  
  172  10:03  SCV x3, Viking x2  
  166  10:11  Marine x3  
  166  10:13  Siege Tank  
  172  10:14  Supply Depot  
  172  10:15  SCV x3  
  175  10:25  Planetary Fortress  
  175  10:27  SCV x3  
  178  10:37  Terran Vehicle Weapons Level 2  
  178  10:39  SCV x3  
  178  10:42  Command Center  
  181  10:50  Viking x2  
  181  10:51  SCV x3  
  188  10:57  Missile Turret  
  188  10:59  Siege Tank  
  188  11:03  SCV, Starport  
  192  11:06  Starport  
  192  11:11  Terran Infantry Weapons Level 3  
  192  11:14  Refinery x2  
  192  11:17  Sensor Tower  
  192  11:18  Barracks Reactor  
  192  11:23  Command Center  
  192  11:29  Viking x2  
  196  11:38  Terran Infantry Armor Level 3, Command Center  
  196  11:53  Starport Tech Lab  
  194  11:54  Raven  
  194  11:57  Command Center  
  196  12:07  Missile Turret  
  196  12:10  Viking x2  
  196  12:14  Missile Turret  
  200  12:18  Armory  
  200  12:19  Refinery  
  200  12:20  Command Center  
  200  12:23  Refinery  
  200  12:25  Sensor Tower  
  197  12:42  Planetary Fortress  
  197  12:45  Orbital Command  
  197  12:47  Raven  
  199  12:57  Barracks x3  
  199  13:00  Terran Vehicle And Ship Armor Level 1  
  195  13:12  Orbital Command  
  195  13:18  Orbital Command, Sensor Tower  
  195  13:21  Raven x2  
  195  13:22  Terran Ship Weapons Level 1  
  195  13:24  Missile Turret, Command Center  
  199  13:40  Sensor Tower  
  199  13:46  Starport  
  199  13:47  Orbital Command, Starport x2  
  199  13:50  Missile Turret  
  199  13:51  Command Center  
  199  13:55  Barracks Reactor x3  
  199  13:56  Missile Turret  
  196  14:03  Viking x2  
  198  14:10  Missile Turret  
  197  14:17  Missile Turret x2  
  197  14:18  Orbital Command  
  197  14:21  Missile Turret  
  181  14:27  Starport Tech Lab x2  
  170  14:45  Starport Reactor  
  166  14:49  Orbital Command  
  162  14:56  Missile Turret  
  159  15:03  Marine x9  
  159  15:05  Raven x4  
  159  15:06  Medivac x2  
  173  15:09  SCV x2  
  173  15:10  SCV x4  
  173  15:13  Orbital Command  
  173  15:15  Planetary Fortress  
  173  15:17  Marine x2  
  175  15:21  SCV  
  175  15:22  SCV  
  175  15:23  Marine x3  
  180  15:28  Marine x2  
  180  15:29  Marine x4  
  183  15:37  Siege Tank x2  
  183  15:39  Raven  
  183  15:41  Marine x3  
  194  15:47  Marine  
  192  15:50  Orbital Command  
  178  16:02  Marine x8  
  172  16:08  Command Center  
  172  16:09  Siege Tank x2  
  172  16:11  Missile Turret  
  178  16:13  SCV  
  178  16:14  Missile Turret, Banshee  
  178  16:15  Raven  
  178  16:18  Raven, SCV x3  
  187  16:20  SCV  
  187  16:25  Marine x5  
  191  16:27  SCV  
  194  16:42  Siege Tank  
  191  16:48  Raven, Marine  
  191  16:49  Raven  
  194  16:58  Marine x3  
  194  16:59  Marine  
  194  17:00  Marine  
  194  17:01  Marine  
  196  17:07  Marine  
  196  17:08  Siege Tank, Marine x4  
  192  17:14  Siege Tank  
  196  17:16  Viking x2  
  196  17:17  Marine x2  
  187  17:30  Marine x12  
  196  17:38  Marine x3  
  196  17:39  Marine  
  197  17:47  Planetary Fortress  
  197  17:48  Marine x3, Hi-Sec Auto Tracking  
  199  18:16  Marine x8  
  161  18:20  Raven x4  
  161  18:23  Marine x5  
  161  18:25  Marine x3  
  166  18:33  SCV x5, Marine  
  166  18:34  SCV, Marine x2  
Show
View Real Time Build Order
Export as new Build Order

Spirit Terran 

Build Orders:  

Get SALT Encoding   

  12  0:00  SCV  
  13  0:12  SCV  
  14  0:17  Supply Depot  
  14  0:24  SCV  
  15  0:43  Refinery, Barracks  
  15  0:56  Barracks  
  15  1:00  SCV  
  16  1:12  SCV  
  17  1:24  SCV  
  18  1:31  Reaper  
  19  1:36  Orbital Command  
  19  1:38  Refinery  
  19  1:44  Reaper  
  20  2:02  SCV  
  20  2:03  Reaper  
  20  2:05  Supply Depot  
  22  2:14  SCV  
  23  2:29  SCV, Reaper  
  25  2:32  Factory  
  25  2:41  SCV  
  26  2:52  Command Center  
  26  2:53  SCV  
  27  3:01  Reaper  
  27  3:05  SCV  
  29  3:09  Supply Depot  
  29  3:17  SCV  
  29  3:19  Factory Reactor  
  30  3:23  Starport  
  30  3:29  SCV  
  31  3:41  SCV  
  31  3:43  Refinery  
  32  3:53  SCV  
  32  3:55  Cyclone  
  32  3:56  Cyclone  
  32  4:00  Medivac  
  37  4:06  SCV  
  37  4:17  Orbital Command  
  37  4:18  SCV  
  38  4:30  SCV  
  39  4:31  Starport Tech Lab  
  39  4:34  Factory Tech Lab  
  39  4:42  SCV  
  39  4:43  SCV  
  41  4:46  Supply Depot  
  41  4:50  Raven  
  41  4:52  Siege Tank  
  46  4:53  Interference Matrix  
  46  4:54  SCV  
  46  4:55  SCV  
  48  5:03  Supply Depot  
  48  5:06  SCV  
  49  5:07  SCV  
  49  5:12  Barracks Tech Lab  
  50  5:18  Command Center  
  50  5:22  SCV  
  50  5:26  Raven, Siege Tank  
  56  5:28  SCV  
  56  5:31  Marine  
  56  5:34  Marine  
  56  5:35  SCV  
  60  5:37  Stimpack  
  60  5:41  SCV  
  61  5:47  Supply Depot, SCV, Marine  
  61  5:49  Marine  
  63  5:53  SCV  
  63  5:55  Marine  
  63  5:56  Supply Depot  
  66  5:59  SCV  
  66  6:01  Raven  
  69  6:04  Marine  
  69  6:05  Refinery  
  69  6:07  Supply Depot  
  69  6:09  SCV, Marine  
  72  6:13  Marine  
  72  6:16  Siege Tank  
  72  6:17  SCV  
  77  6:22  Marine  
  77  6:24  Supply Depot, SCV  
  79  6:26  Marine  
  79  6:29  Supply Depot  
  79  6:30  SCV  
  79  6:31  Marine  
  82  6:34  Orbital Command  
  82  6:37  SCV  
  83  6:42  SCV  
  83  6:46  Starport Reactor  
  84  6:47  Engineering Bay  
  84  6:49  SCV, Engineering Bay  
  84  6:50  Marine  
  84  6:53  Marine x2  
  84  6:54  SCV  
  89  7:00  SCV  
  89  7:01  SCV  
  91  7:06  Supply Depot, SCV  
  92  7:08  Marine  
  92  7:11  Marine  
  92  7:12  SCV  
  92  7:13  SCV  
  96  7:17  Combat Shield  
  96  7:18  Terran Infantry Weapons Level 1, SCV  
  96  7:20  Terran Infantry Armor Level 1  
  97  7:23  Medivac  
  97  7:24  SCV, Medivac  
  97  7:25  SCV  
  97  7:27  Marine  
  97  7:28  Marine  
  105  7:30  Supply Depot, SCV  
  105  7:33  Marine  
  105  7:36  SCV  
  108  7:37  SCV  
  108  7:42  SCV, Sensor Tower  
  109  7:44  Marine, Barracks  
  109  7:46  Marine  
  109  7:48  SCV  
  109  7:49  SCV  
  109  7:51  Refinery, Barracks  
  113  7:52  Refinery, Barracks  
  113  7:54  SCV  
  113  7:57  Siege Tank  
  117  8:00  Armory  
  117  8:01  SCV  
  117  8:03  SCV, Marine  
  117  8:05  Missile Turret  
  120  8:06  SCV  
  120  8:08  Marine  
  120  8:11  Marine  
  122  8:13  SCV  
  121  8:21  Marine  
  121  8:26  Marine, Command Center  
  123  8:29  Siege Tank, Marine  
  123  8:33  Medivac x2  
  132  8:39  Marine, Barracks Reactor x2  
  132  8:40  SCV, Missile Turret  
  133  8:44  Marine  
  133  8:46  SCV, Barracks Reactor  
  133  8:47  Marine  
  133  8:48  SCV  
  136  8:56  Marine  
  136  9:01  Siege Tank  
  136  9:02  Marine  
  141  9:03  Medivac  
  141  9:05  SCV, Marine  
  141  9:08  Medivac  
  141  9:09  Supply Depot  
  140  9:10  Supply Depot  
  140  9:14  Marine x3  
  140  9:16  Marine x2  
  136  9:19  Marine  
  136  9:23  Marine  
  136  9:27  Marine, Terran Infantry Armor Level 2, Terran Infantry Weapons Level 2  
  136  9:29  Marine  
  138  9:32  Marine x3  
  138  9:33  Siege Tank, Viking  
  138  9:34  Marine x2  
  138  9:35  Supply Depot  
  138  9:37  Marine  
  149  9:38  Terran Vehicle Weapons Level 1  
  149  9:40  Marine  
  149  9:43  Viking  
  151  9:45  Marine  
  151  9:47  Marine  
  151  9:50  Marine x3  
  151  9:51  Marine x2  
  158  9:55  Marine  
  158  9:58  Marine  
  158  10:03  Marine  
  158  10:04  Marine  
  151  10:08  Marine x3  
  151  10:09  Marine x2  
  151  10:11  Siege Tank  
  151  10:13  Marine  
  158  10:16  SCV, Marine  
  158  10:18  SCV  
  158  10:20  Medivac x2  
  158  10:21  Marine  
  155  10:22  Marine  
  155  10:25  SCV, Marine  
  155  10:26  Marine x2  
  155  10:27  Marine x2  
  161  10:31  Marine  
  161  10:34  Planetary Fortress, Marine  
  163  10:37  Factory  
  163  10:39  SCV, Marine  
  163  10:40  Marine  
  166  10:43  Siege Tank, Marine x3  
  166  10:45  Marine x2  
  166  10:48  Marine  
  175  10:50  Viking, Medivac  
  175  10:51  SCV x2  
  175  10:52  SCV, Marine  
  175  10:54  Sensor Tower  
  175  10:57  Marine  
  183  10:58  Marine  
  183  11:01  Marine  
  183  11:04  Command Center  
  188  11:12  Refinery  
  188  11:18  Starport  
  186  11:19  Marine, Starport  
  186  11:20  Barracks Reactor, Viking  
  186  11:21  Armory  
  186  11:22  Refinery, Barracks Reactor  
  186  11:25  Fusion Core  
  187  11:29  Sensor Tower  
  187  11:32  Supply Depot  
  187  11:34  Command Center  
  187  11:36  Terran Vehicle Weapons Level 2, Missile Turret  
  187  11:38  Missile Turret  
  187  11:45  Bunker  
  187  11:46  Terran Infantry Weapons Level 3  
  187  11:47  Supply Depot, Missile Turret  
  187  11:53  Terran Infantry Armor Level 3  
  186  11:58  Viking  
  186  11:59  Supply Depot  
  188  12:04  Missile Turret  
  187  12:09  Siege Tank, Viking  
  187  12:12  Viking x3  
  187  12:13  Missile Turret  
  187  12:14  Terran Vehicle And Ship Armor Level 1  
  183  12:21  Advanced Ballistics  
  183  12:27  Siege Tank  
  186  12:30  Viking  
  186  12:31  Viking  
  186  12:36  SCV x2  
  191  12:39  Viking  
  191  12:43  Viking  
  195  12:47  Siege Tank  
  195  12:49  Sensor Tower  
  195  12:51  Orbital Command  
  198  12:52  Missile Turret  
  198  12:53  Command Center  
  198  13:03  Planetary Fortress  
  198  13:12  Command Center  
  198  13:13  Viking  
  199  13:23  Liberator  
  199  13:24  Liberator  
  199  13:28  Refinery x2  
  199  13:35  Command Center  
  199  13:39  Liberator, Command Center  
  199  14:01  Smart Servos  
  199  14:06  Command Center  
  197  14:23  Neosteel Armor  
  197  14:30  Hi-Sec Auto Tracking  
  185  14:35  Siege Tank x2, Marine x6  
  185  14:37  Viking x6  
  199  14:38  Marine  
  199  14:40  Marine  
  199  14:41  Marine  
  195  14:50  Terran Vehicle And Ship Armor Level 2  
  195  14:51  Terran Ship Weapons Level 1  
  194  14:53  Marine x2  
  194  14:56  Marine  
  194  14:58  Marine  
  191  15:07  Siege Tank x2, Marine, Viking  
  191  15:12  Marine  
  200  15:14  Orbital Command  
  200  15:16  Orbital Command, Factory  
  197  15:47  Siege Tank  
  200  15:55  Siege Tank  
  200  15:56  Viking x4  
  199  15:57  Marine  
  199  15:58  Marine x2  
  199  16:02  Marine x5  
  180  16:06  Orbital Command  
  180  16:10  Planetary Fortress, Missile Turret  
  175  16:11  Marine  
  175  16:13  Factory Tech Lab  
  175  16:15  Marine x3  
  179  16:19  Marine  
  179  16:20  Siege Tank  
  178  16:26  Starport  
  178  16:27  Siege Tank  
  178  16:30  Starport  
  178  16:32  Liberator x4, Starport  
  191  16:34  Marine x2  
  191  16:37  Liberator x2  
  191  16:39  Marine x2  
  199  16:46  Marine x5  
  198  16:52  Siege Tank  
  186  17:05  SCV x4  
  186  17:08  Marine  
  196  17:22  Marine  
  194  17:34  SCV x5  
  194  17:35  Orbital Command  
  199  17:50  Liberator x5  
  197  18:04  Siege Tank  
  200  18:07  Missile Turret  
  200  18:09  Command Center  
  200  18:12  Sensor Tower  
  196  18:16  Marine x9  
  141  18:22  Viking  
  110  18:27  Starport Tech Lab  
  110  18:28  Starport Tech Lab x2  
  110  18:33  Marine x4  
  110  18:34  Marine  
Tags
 
Add a new tag
Caveats
  • Supply blocks, unpowered buildings, or Contaminate may cause inaccurate times.
  • Supply counts are checked every 10 seconds.